Map: Echo LE (Void)

Players

Bly - Winner!

  • Race: Zerg Zerg
  • League: Grandmaster
  • Spawn Location: 5:00

LiquidSnute (Snute)

  • Race: Zerg Zerg
  • League: Grandmaster
  • Spawn Location: 11:00

Event: NationWars IV

VOD

Have the link to the VOD?

Description

Time

  • Played on: Dec. 22, 2016, 3:27 p.m.
  • Length: 12:44

All games in this series

Show
View Real Time Build Order
Export as new Build Order

Bly Zerg - Winner!

Build Orders: Hatch First 

Get SALT Encoding   

  12  0:01  Drone  
  13  0:12  Overlord  
  13  0:18  Drone  
  14  0:31  Drone x2  
  16  0:37  Drone  
  17  0:52  Hatchery  
  17  0:56  Drone  
  17  0:58  Drone  
  17  1:02  Extractor  
  17  1:12  Spawning Pool  
  17  1:15  Drone  
  17  1:19  Drone  
  18  1:27  Drone  
  19  1:39  Overlord  
  19  1:54  Drone  
  19  2:00  Drone  
  19  2:01  Queen  
  23  2:02  Metabolic Boost  
  23  2:03  Queen  
  23  2:06  Zergling x2  
  26  2:10  Drone  
  26  2:15  Drone  
  28  2:32  Hatchery  
  27  2:44  Overlord  
  27  2:45  Zergling x2  
  27  2:46  Zergling x6  
  31  2:57  Zergling x6  
  33  3:06  Spine Crawler  
  33  3:07  Zergling x2  
  33  3:12  Zergling x6  
  36  3:13  Zergling x2  
  36  3:18  Zergling x6  
  40  3:26  Overlord  
  38  3:30  Roach Warren  
  38  3:32  Drone  
  39  3:38  Overlord  
  39  3:40  Drone  
  40  3:43  Drone  
  41  3:54  Drone x4  
  44  4:09  Drone x3, Queen  
  48  4:18  Roach  
  48  4:19  Roach x2  
  48  4:22  Roach  
  54  4:32  Roach x2  
  54  4:33  Roach x2  
  61  4:43  Drone x5  
  61  4:44  Overlord  
  66  4:56  Overlord  
  66  5:00  Extractor  
  66  5:03  Extractor  
  66  5:06  Drone x5  
  66  5:07  Drone x4  
  73  5:16  Overlord  
  73  5:19  Roach  
  73  5:20  Roach x2  
  79  5:26  Overlord x2  
  79  5:34  Overlord  
  79  5:40  Roach x4  
  87  5:45  Roach x2  
  87  5:47  Ravager x2  
  93  5:51  Overlord x2  
  93  5:56  Roach x2  
  96  6:01  Overlord  
  96  6:02  Roach  
  96  6:03  Ravager  
  99  6:11  Roach x3  
  105  6:17  Roach x2  
  105  6:18  Roach  
  111  6:22  Overlord  
  111  6:25  Roach x2  
  115  6:26  Overlord  
  115  6:31  Overlord  
  115  6:32  Roach  
  117  6:38  Roach x2  
  117  6:39  Zergling x2  
  122  6:40  Zergling x2  
  122  6:41  Ravager  
  123  6:51  Zergling x2  
  123  6:52  Zergling x12  
  119  6:59  Zergling x2  
  119  7:00  Zergling x8  
  97  7:09  Zergling x10  
  88  7:26  Zergling x16  
  88  7:29  Ravager  
  97  7:30  Ravager x2  
  97  7:31  Ravager  
  95  7:38  Zergling x2  
  95  7:39  Zergling x14  
  103  7:44  Ravager  
  103  7:48  Roach x5  
  114  7:56  Roach x3  
  120  8:03  Roach  
  118  8:16  Zergling x16  
  122  8:26  Zergling x2  
  103  8:27  Zergling x6  
  94  8:37  Zergling x6  
  94  8:38  Zergling x12  
  98  8:41  Ravager  
  98  8:42  Ravager x4  
  103  8:58  Zergling x10  
  108  9:05  Extractor  
  108  9:06  Roach  
  108  9:07  Roach x6  
  121  9:18  Roach x4  
  129  9:28  Drone x2  
  129  9:29  Lair  
  129  9:30  Extractor  
  130  9:35  Drone x3  
  133  9:40  Roach x4  
  133  9:44  Overlord  
  139  10:03  Roach x7  
  139  10:04  Overlord  
  152  10:12  Zergling x2  
  152  10:13  Zergling x2, Overlord  
  154  10:23  Overlord x3  
  154  10:30  Spire  
  154  10:31  Glial Reconstitution  
  154  10:33  Drone x2  
  155  10:36  Extractor  
  113  10:51  Zergling x20  
  113  11:04  Zergling x2  
  113  11:05  Zergling x14  
  121  11:13  Ravager  
  121  11:41  Mutalisk x5  
  121  11:42  Mutalisk x4  
  121  11:43  Mutalisk  
  141  11:49  Roach x2  
  141  11:52  Roach  
  147  11:55  Roach  
  147  11:57  Roach  
  151  12:04  Roach  
  151  12:05  Ravager  
  154  12:15  Roach x3  
Show
View Real Time Build Order
Export as new Build Order

LiquidSnute Zerg 

Build Orders: Pool First 

Get SALT Encoding   

  12  0:00  Drone  
  13  0:12  Overlord  
  13  0:17  Drone  
  14  0:30  Drone x2  
  14  0:34  Drone  
  17  0:38  Extractor  
  16  0:45  Drone  
  16  0:49  Spawning Pool  
  16  0:55  Drone  
  17  1:06  Drone  
  18  1:18  Hatchery  
  18  1:22  Drone  
  18  1:36  Queen  
  18  1:39  Metabolic Boost  
  20  1:46  Overlord  
  20  1:50  Zergling x2  
  20  1:53  Drone  
  22  2:04  Drone  
  23  2:11  Zergling x2, Queen  
  26  2:21  Zergling x2  
  27  2:32  Zergling x2  
  28  2:39  Zergling x2  
  28  2:42  Zergling x2  
  30  2:45  Drone  
  30  2:46  Overlord, Drone x2  
  33  2:52  Overlord  
  33  2:58  Drone  
  33  3:02  Drone  
  34  3:08  Hatchery  
  34  3:09  Baneling Nest  
  34  3:11  Zergling x2  
  33  3:16  Zergling x4  
  35  3:23  Zergling x6  
  35  3:26  Zergling x2  
  39  3:32  Queen  
  41  3:36  Zergling x2  
  41  3:38  Zergling x2  
  43  3:42  Zergling x2  
  43  3:43  Zergling x2  
  43  3:46  Drone  
  43  3:48  Drone  
  47  3:53  Zergling x4  
  47  3:55  Baneling x2  
  49  3:57  Baneling  
  49  4:02  Drone  
  49  4:03  Drone  
  48  4:11  Roach Warren  
  48  4:12  Drone  
  48  4:18  Drone x2  
  48  4:19  Drone  
  50  4:34  Overlord  
  50  4:35  Drone  
  50  4:36  Drone x2  
  53  4:44  Overlord  
  53  4:48  Extractor  
  53  4:52  Roach x5  
  62  4:55  Roach  
  62  4:56  Roach  
  66  5:00  Overlord  
  66  5:05  Roach  
  68  5:07  Roach  
  68  5:13  Overlord  
  70  5:17  Roach  
  72  5:22  Roach  
  72  5:27  Overlord  
  73  5:34  Roach  
  73  5:35  Roach x2  
  79  5:37  Zergling x10  
  79  5:42  Overlord  
  84  5:46  Overlord  
  84  5:54  Overlord  
  84  5:58  Roach x3  
  90  6:05  Ravager  
  90  6:09  Zergling x10  
  96  6:16  Ravager  
  97  6:25  Zergling x14  
  104  6:30  Ravager  
  104  6:31  Zergling x2  
  104  6:32  Zergling x4  
  108  6:39  Baneling x2  
  108  6:51  Zergling x18  
  101  6:58  Zergling x6  
  88  7:02  Zergling x4  
  80  7:08  Zergling x4  
  80  7:09  Zergling x4  
  80  7:13  Zergling x4  
  67  7:27  Roach x4  
  74  7:32  Zergling x8  
  77  7:38  Roach  
  77  7:39  Roach  
  77  7:43  Roach  
  83  7:47  Ravager x2  
  85  7:52  Ravager  
  85  7:55  Zergling x10  
  85  7:56  Zergling x2  
  92  8:06  Zergling x2  
  92  8:07  Zergling x4  
  89  8:15  Zergling x12  
  89  8:16  Zergling x2  
  92  8:25  Zergling x8  
  92  8:26  Zergling x2  
  79  8:30  Zergling x4  
  74  8:36  Zergling x2  
  74  8:39  Drone x3  
  74  8:40  Drone  
  74  8:41  Ravager  
  80  8:42  Ravager  
  80  8:46  Ravager  
  80  8:47  Ravager  
  83  8:49  Drone x2  
  83  8:50  Drone  
  85  8:58  Roach x2  
  88  9:03  Roach  
  88  9:04  Drone x2  
  88  9:05  Drone  
  93  9:10  Zergling x6  
  93  9:16  Zergling x8  
  100  9:21  Evolution Chamber  
  99  9:29  Ravager x2  
  99  9:30  Zergling x12  
  107  9:34  Overlord  
  107  9:36  Extractor  
  106  9:39  Baneling x2  
  106  9:40  Zergling x2  
  106  9:41  Zergling x4  
  109  9:47  Zergling x8  
  109  9:51  Overlord  
  113  9:56  Zerg Missile Weapons Level 1  
  112  10:14  Zergling x26  
  114  10:17  Baneling x4  
  125  10:26  Ravager  
  125  10:27  Overlord x2  
  126  10:42  Zergling x18  
  84  10:58  Roach x6  
  84  11:01  Drone x2  
  84  11:04  Roach  
  98  11:07  Roach  
  98  11:11  Roach x2  
  104  11:15  Roach  
  106  11:20  Roach x2  
  110  11:26  Roach  
  110  11:27  Roach x2  
  110  11:32  Ravager x2  
  118  11:40  Roach x4  
  118  11:45  Roach  
  118  11:46  Roach  
  130  11:53  Roach  
  130  11:54  Roach, Overlord  
  134  11:55  Zergling x2  
  134  11:56  Zergling x4  
  137  12:03  Ravager  
  137  12:05  Zergling x4  
  137  12:06  Zergling x6  
  143  12:19  Zergling x2  
  143  12:20  Zergling x2  
Tags
 
Add a new tag
Caveats
  • Supply blocks, unpowered buildings, or Contaminate may cause inaccurate times.
  • Supply counts are checked every 10 seconds.